 Dungeon Crawl Stone Soup version 0.30-a0-702-gdf48620a09 (webtiles) character file.

Game seed: 10988763247615137201

51 CrazyBamboolord the Insei (level 3, -2/23 HPs)
             Began as an Octopode Transmuter on Jan 21, 2023.
             Slain by a black bear (7 damage)
             ... on level 5 of the Dungeon.
             The game lasted 00:02:36 (1705 turns).

CrazyBamboolord the Insei (Octopode Transmuter)     Turns: 1705, Time: 00:02:36

Health: -2/23      AC:  1    Str:  9    XL:     3   Next: 83%
Magic:  6/6        EV: 13    Int: 17    God:
Gold:   96         SH:  0    Dex: 12    Spells: 0/6 levels left

rFire   . . .      SeeInvis .      - Unarmed
rCold   . . .      Faith    .    (no shield)
rNeg    . . .      Spirit   .    (helmet restricted)
rPois   .          Reflect  .    (no amulet)
rElec   .          Harm     .    (no ring)
rCorr   .          Rampage  .    (no ring)
Will    .....                    (no ring)
Stlth   ++                       (no ring)
HPRegen 0.23/turn                (no ring)
MPRegen 0.10/turn                (no ring)
                                 (no ring)
                                 (no ring)

@: about to teleport
A: almost no armour, amphibious, 8 rings, camouflage 1, gelatinous body 1,
(nimble swimmer 1), tentacles
a: no special abilities


You were on level 5 of the Dungeon.
You visited 1 branch of the dungeon, and saw 5 of its levels.

You collected 96 gold pieces.

Inventory:

Scrolls
 f - a scroll of enchant armour {unknown}
 g - 2 scrolls of magic mapping
 h - 2 scrolls of noise {unknown}
Potions
 a - a potion of lignification
 c - a potion of mutation {unknown}
 d - a potion of curing
 e - a potion of resistance {unknown}


   Skills:
 * Level 1.3 Fighting
 * Level 2.1 Dodging
 + Level 0.2 Stealth
 * Level 3.7 Unarmed Combat
 * Level 2.2 Spellcasting
 * Level 2.4 Transmutations
 * Level 1.2 Poison Magic


You couldn't memorise any spells.
You knew the following spells:

 Your Spells              Type           Power      Damage    Failure   Level
a - Beastly Appendage     Tmut           20%        N/A       7%          1
b - Wereblood             Tmut           10%        N/A       11%         2
c - Spider Form           Tmut/Pois      8%         N/A       26%         3

Your spell library contained the following spells:

 Spells                   Type           Power      Damage    Failure   Level
 Ice Form                 Ice/Tmut       6%         N/A       75%         4


Dungeon Overview and Level Annotations

Branches:
Dungeon (6/15)
 Temple: D:4-7

Altars:
Ashenzari


Innate Abilities, Weirdness & Mutations

You cannot wear most types of armour.
You are amphibious.
You can wear up to eight rings at the same time.
Your skin changes colour to match your surroundings (Stealth+).
Your rubbery body absorbs attacks. (AC +1, EV +1)
((You are camouflaged when in or above water. (Stealth+)))
You have tentacles for arms and can constrict up to eight enemies at once.


Message History

Your primal bloodlust is almost over.
No target in view!
Your tentacle spike disappears.
Your primal bloodlust has ended.
You now have 96 gold pieces (gained 19).
Magic restored.
Found a stone staircase leading down.
A sourceless malevolence fills the Dungeon...
You fall into a shaft and drop 3 floors!
The shaft crumbles and collapses.
Okay, then.
Found a stone staircase leading up.
A black bear comes into view.
The black bear growls angrily.
You barely miss the black bear. You grab the black bear.
You constrict the black bear, but do no damage.
The black bear bites you. The black bear misses you. The black bear claws you.
You tentacle-slap the black bear but do no damage.
You constrict the black bear, but do no damage.
You release your grip on the black bear.
A scorpion comes into view.
The black bear attacks as you move away!
The black bear closely misses you.
The black bear claws you but does no damage.
The black bear barely misses you.
There is a stone staircase leading up here.
The black bear bites you! The black bear closely misses you.
The black bear claws you but does no damage.
You climb upwards.
You hear the sound of rushing water.
There is an entrance to a sewer on this level.
Hurry and find it before the portal rusts away!
There is a stone staircase leading down here.
The black bear bites you!
* * * LOW HITPOINT WARNING * * *
The black bear claws you.
* * * LOW HITPOINT WARNING * * *
The black bear closely misses you.
As you read the scroll of teleportation, it crumbles to dust.
You feel strangely unstable. The black bear bites you!
You die...

.. ##. ..
#### ###.#
... ....#
.#####.##...
.......@#.#
........h>#
.......####
.......
.......
.......
.......
######.


You could see a black bear.

Vanquished Creatures
  A worm (D:2)
  5 ball pythons
  3 endoplasms
  2 giant cockroaches (D:1)
  7 goblins
  2 hobgoblins
  7 jackals (D:2)
  2 quokkas (D:2)
  4 bats (D:2)
  2 frilled lizards
  5 kobolds
  4 rats
44 creatures vanquished.

Notes
Turn   | Place    | Note
-------+----------+-------------------------------------------
     0 | D:1      | CrazyBamboolord the Octopode Transmuter began the quest for
                  | the Orb.
     0 | D:1      | Reached XP level 1. HP: 13/13 MP: 3/3
   176 | D:1      | Reached XP level 2. HP: 13/18 MP: 3/5
   490 | D:1      | Reached skill level 1 in Poison Magic
   762 | D:1      | Learned a level 2 spell: Wereblood
   902 | D:2      | Reached XP level 3. HP: 23/23 MP: 4/6
  1224 | D:2      | Learned a level 3 spell: Spider Form
  1639 | D:3      | Found a broken altar of Ashenzari.
  1673 | D:3      | You fall into a shaft and drop 3 floors!
  1688 | D:6      | Noticed a black bear
  1695 | D:6      | Noticed a scorpion
  1702 | D:5      | Entered Level 5 of the Dungeon
  1705 | D:5      | Slain by a black bear

Illustrated notes

Levels and vault maps discovered:
D:1:      zelgadis_glass_arrival_small, layout_loops_ring
D:2:      layout_loops_cross
D:3:      layout_basic, mainiacjoe_overflow_surrounded_room, ashenzari_altar_1,
          minivault_24
D:5:      layout_basic, gup_sewer_entry_bowl, minmay_misc_feat_doors,
          serial_bayou_pond_e, hangedman_decor_push, serial_park_tiny_2,
          uniq_grinder, uniq_edmund
D:6:      layout_basic, kennysheep_mini, amcnicky_altar_gilded,
          chequers_serial_rivers_micro_e, st_stairs_4,
          eino_small_chamber_without_monster, grunt_ministairs_11

Skill      XL: |  1  2 |
---------------+-------+-----
Poison Magic   | 1 |  1.2
Fighting       | |  1.3
Dodging        | |  2.1
Stealth        | |  0.2
Unarmed Combat | |  3.7
Spellcasting   | |  2.2
Transmutations | |  2.4

Action                   || total
-------------------------++-------
Melee: Unarmed           ||    88
       Constrict         ||    20
       Tentacles         ||    19
       Kick              ||    19
       Punch             ||     1
 Cast: Beastly Appendage ||    26
       Wereblood         ||     2
  Use: Scroll            ||     4
 Stab: Sleeping          ||    11
Armor: Skin              ||     7
Dodge: Dodged            ||    48

Table legend: (Time is in decaauts)
 A = Elapsed time spent in this place.
 B = Non-inter-level travel time spent in this place.
 C = Inter-level travel time spent in this place.
 D = Time resting spent in this place.
 E = Time spent auto-exploring this place.
 F = Levels seen in this place.
 G = Mean time per level.
                   A        B        C        D        E       F      G
               +--------+--------+--------+--------+--------+-----+--------+
         Total |   1697 |   1615 |     82 |      0 |   1297 |   5 |  339.4 |
       Dungeon |   1697 |   1615 |     82 |      0 |   1297 |   5 |  339.4 |
               +--------+--------+--------+--------+--------+-----+--------+

Top non-repeatable levels by time:
     D:2: 834 daAuts
     D:1: 782 daAuts
     D:3: 49 daAuts
     D:6: 28 daAuts
     D:5: 2 daAuts
